 Dungeon Crawl Stone Soup version 0.29-a0-334-gb41bcbb86e (webtiles) character file.

Game seed: 8932260904024939210

203863 Agony the Impaler (level 17, -2/161 HPs)
             Began as a Minotaur Fighter on Apr 15, 2022.
             Was a High Priest of Okawaru.
             Shot with an arrow by a deep elf master archer (22 damage)
             ... in a wizard's laboratory on Apr 16, 2022.
             The game lasted 04:03:50 (47153 turns).

Agony the Impaler (Minotaur Fighter)               Turns: 47153, Time: 04:03:51

Health: -2/161     AC: 34    Str: 24    XL:     17   Next: 99%
Magic:  21/21      EV: 26    Int:  5    God:    Okawaru [*****.]
Gold:   122        SH: 20    Dex: 15    Spells: 16/16 levels left

rFire   + . .      SeeInvis .   E - +8 trident of the Octopus King {venom, rElec rPois}
rCold   x . .      Faith    .   R - +0 tower shield
rNeg    . . .      Spirit   .   y - +18 Lear's hauberk
rPois   +          Reflect  .   (helmet currently unavailable)
rElec   +          Harm     .   t - +0 cloak
rCorr   .          Rampage  .   (gloves currently unavailable)
Will    +....                   (boots currently unavailable)
Stlth   ..........              x - amulet of the acrobat
HPRegen 0.36/turn               X - ring of fire
MPRegen 0.17/turn               j - ring of flight

@: acrobatic, flying, slowed, very slow
A: horns 2, retaliatory headbutt
}: 1/15 runes: serpentine
a: Renounce Religion, Heroism, Finesse, Duel


You were in a wizard's laboratory.
You worshipped Okawaru.
Okawaru was extremely pleased with you.
You visited 5 branches of the dungeon, and saw 26 of its levels.
You also visited: Sewer and Wizlab.

You collected 2879 gold pieces.
You spent 2757 gold pieces at shops.

Inventory:

Hand Weapons
 s - a +3 scimitar of holy wrath
 E - the +8 trident of the Octopus King (weapon) {venom, rElec rPois}
   (You found it on level 6 of the Dungeon)

   It poisons the flesh of those it strikes.
   rElec:     It insulates you from electricity.
   rPois:     It protects you from poison.
Missiles
 b - 6 boomerangs of dispersal
 i - 16 javelins (quivered)
 W - 4 curare-tipped darts
Armour
 t - a +0 cloak (worn)
 y - the +18 Lear's hauberk (worn)
   (You found it on level 7 of the Dungeon)
 R - a +0 tower shield (worn)
Jewellery
 c - a ring of ice
 j - a ring of flight (right hand)
 q - a ring of willpower
 x - an amulet of the acrobat (around neck)
 A - a +6 ring of strength
 P - a ring of ice
 Q - an amulet of guardian spirit
 V - a ring of resist corrosion
 X - a ring of fire (left hand)
 Z - a ring of see invisible
Wands
 C - a wand of flame (45)
 F - a wand of paralysis (28)
 H - a wand of polymorph (10)
 J - a wand of digging (22)
 L - a wand of acid (19)
Scrolls
 h - 8 scrolls of enchant weapon
 l - 4 scrolls of silence
 n - 3 scrolls of fear
 r - 6 scrolls of enchant armour
 v - 9 scrolls of teleportation
 w - a scroll of holy word
 z - 2 scrolls of fog
 B - 2 scrolls of torment
 I - 3 scrolls of vulnerability
 K - a scroll of identify
 O - a scroll of brand weapon
 U - 3 scrolls of amnesia
 Y - a scroll of blinking
Potions
 a - 3 potions of haste
 d - 6 potions of mutation
 e - 5 potions of ambrosia
 f - 5 potions of cancellation
 g - 7 potions of lignification
 m - 5 potions of curing
 o - 4 potions of brilliance
 p - 4 potions of attraction
 u - a potion of flight
 D - 2 potions of magic
 M - 3 potions of berserk rage
 N - 3 potions of might
 S - a potion of resistance


   Skills:
 + Level 17.1 Fighting
 + Level 7.9 Long Blades
 + Level 8.0(14.9) Axes
 + Level 5.1(7.3) Maces & Flails
 + Level 19.0(19.5) Polearms
 + Level 4.6 Throwing
 * Level 18.0 Armour
 + Level 9.2 Dodging
 - Level 0.6 Stealth
 * Level 17.3 Shields
 * Level 7.6 Invocations


You had 16 spell levels left.
You didn't know any spells.
Your spell library contained the following spells:

 Spells                   Type           Power      Damage    Failure   Level
 Beastly Appendage        Tmut           0%         N/A       99%         1
 Freeze                   Ice            0%         1d3       99%         1
 Sandblast                Erth           0%         2d4       99%         1
 Corpse Rot               Necr/Air       0%         N/A       100%        2
 Passwall                 Tmut/Erth      0%         N/A       100%        2
 Poisonous Vapours        Pois/Air       0%         N/A       100%        2
 Sublimation of Blood     Necr           0%         N/A       100%        2
 Wereblood                Tmut           0%         N/A       100%        2
 Frozen Ramparts          Ice            0%         1d2       100%        3
 Portal Projectile        Hex/Tloc       0%         N/A       100%        3
 Spider Form              Tmut/Pois      0%         N/A       100%        3
 Stone Arrow              Conj/Erth      0%         3d7       100%        3
 Anguish                  Hex/Necr       0%         N/A       100%        4
 Hailstorm                Conj/Ice       0%         3d3       100%        4
 Leda's Liquefaction      Hex/Erth       0%         N/A       100%        4
 Alistair's Intoxication  Tmut/Pois      0%         N/A       100%        5
 Borgnjor's Vile Clutch   Necr/Erth      0%         N/A       100%        5
 Fireball                 Conj/Fire      0%         3d3       100%        5
 Iskenderun's Battlesphe  Conj           0%         2d6       100%        5
 Conjure Ball Lightning   Conj/Air       0%         3x3d6     100%        6
 Eringya's Noxious Bog    Tmut/Pois      0%         N/A       100%        6
 Enfeeble                 Hex            0%         N/A       100%        7
 Orb of Destruction       Conj           0%         9d5       100%        7
 Lehudib's Crystal Spear  Conj/Erth      0%         10d2      100%        8
 Necromutation            Tmut/Necr      0%         N/A       100%        8
 Animate Skeleton         Necr           Unusable   N/A       N/A         1
 Call Canine Familiar     Summ           Unusable   N/A       N/A         3
 Tukima's Dance           Hex            Unusable   N/A       N/A         3
 Summon Hydra             Summ           Unusable   N/A       N/A         7

Dungeon Overview and Level Annotations

Branches:
Dungeon (13/15)            Temple (0/1) D:6            Lair (6/6) D:11
  Swamp (0/4) Lair:3        Snake (4/4) Lair:3        Slime (0/5) Lair:6
    Orc (2/2) D:10            Elf (1/3) Orc:2         Sewer (visited)
 WizLab (1/1)
 Vaults: D:13-14

Altars:
Cheibriados
Dithmenos
Hepliaklqana
Kikubaaqudgha
Makhleb
Nemelex Xobeh
Okawaru
Qazlal
Trog
Uskayaw
Vehumet
Xom
The Shining One
Beogh

Shops:
D:10 !   D:11 *   Orc:2 (:?[   Snake:1 *[   Snake:2 *!*(:=!   Snake:3 (

Annotations:
D:4 2 runed translucent doors, Viceroy's ghost, amateur MfGl
Lair:2 1 runed translucent door, Lahyump's ghost, journeyman DjCj WizLab exclusion: oklob plant


Innate Abilities, Weirdness & Mutations

You have a pair of horns on your head.
You reflexively headbutt those who attack you in melee.


Message History

Press: ? - help, Dir - move target, f - you
Okay, then.
The deep elf master archer shoots an arrow.
The arrow completely misses you.
The deep elf master archer shoots an arrow.
The arrow misses you.
The deep elf master archer shoots an arrow.
You block the arrow.
Items here: )) [ †.
The deep elf master archer shoots an arrow.
You block the arrow.
The deep elf master archer shoots an arrow.
You block the arrow.
The deep elf master archer shoots an arrow.
You block the arrow.
The deep elf master archer shoots an arrow.
The arrow completely misses you.
The deep elf master archer shoots an arrow.
You block the arrow.
The deep elf master archer shoots an arrow.
You block the arrow.
The deep elf master archer shoots an arrow.
The arrow hits you!
* * * LOW HITPOINT WARNING * * *
The deep elf master archer shoots an arrow.
You block the arrow.
The deep elf master archer shoots an arrow.
You block the arrow.
The deep elf master archer shoots an arrow.
The arrow hits you!!
* * * LOW HITPOINT WARNING * * *
The deep elf master archer shoots an arrow.
You block the arrow.
The deep elf master archer shoots an arrow.
The arrow completely misses you.
The deep elf master archer shoots an arrow.
You block the arrow.
The deep elf master archer shoots an arrow.
The arrow hits you!!
You die...

[............♣
♣....e⌠.....♣♣
.......).e...♣♣♣
..♣♣.....♣♣....♣
.♣♣♣♣###♣♣♣♣...♣♣ ##♣ ♣♣
♣♣♣♣♣ ♣♣...♣♣ #.♣♣♣ ♣
♣♣.♣:♣♣ ♣♣..)♣♣ ♣...♣♣
♣♣.....♣♣ ♣♣...♣ ♣♣...♣
♣.......♣ ♣♣@.♣♣♣♣...♣
♣♣..)..♣♣ ♣♣.)..♣♣...♣♣
♣♣♣♣##)##♣♣♣♣♣......♣..♣♣
..♣#.....#♣...........♣♣
P.....P..........♣...♣♣
..♣)..⌠...♣...♣.....♣♣
♣♣♣♣...).♣♣♣♣♣♣♣...♣♣
♣♣♣♣♣⌠.)♣♣♣♣♣♣♣♣♣♣♣♣
....[...}........♣♣♣♣♣


You could see a deep elf master archer.

Vanquished Creatures
  Saint Roka (Orc:2)
  2 deep elf master archers
  2 thorn hunters (WizLab)
  4 nagarajas
  3 fenstrider witches (WizLab)
  Louise (Snake:4)
  Aizul (Snake:1)
  An eleionoma (WizLab)
  An ettin (Orc:1)
  Josephine (D:11)
  3 shambling mangroves (WizLab)
  Erolcha (Orc:2)
  Harold (Orc:1)
  4 salamander tyrants
  An ogre mage (Orc:2)
  13 naga warriors
  3 hydras
  4 catoblepae (Lair:6)
  5 centaur warriors
  21 anacondas
  A boulder beetle (D:11)
  A two-headed ogre (D:8)
  A satyr (WizLab)
  A tengu warrior (D:11)
  17 death yaks
  5 shock serpents
  18 naga sharpshooters
  3 orc high priests (Orc:1)
  Sonja (Lair:3)
  Urug (D:11)
  8 skeletal warriors (D:13)
  A fire crab (Lair:6)
  4 anaconda zombies (Snake:2)
  4 spectral anacondas (Snake:2)
  9 naga ritualists
  6 salamander mystics
  7 deep elf archers
  5 deep elf pyromancers (Elf:1)
  An orc knight (D:11)
  A lindwurm (Snake:4)
  3 anaconda skeletons (Snake:2)
  3 fauns (WizLab)
  3 deep elf zephyrmancers (Elf:1)
  22 mana vipers
  3 cyclopes (D:11)
  8 orc sorcerers (Orc:2)
  5 manticores
  24 salamanders
  12 elephants
  8 guardian serpents
  21 naga magi
  44 black mambas
  Joseph (D:11)
  2 torpor snails
  8 cane toads
  An unseen horror (D:7)
  7 rime drakes
  6 komodo dragons
  2 yaktaurs (WizLab)
  A tengu conjurer (D:13)
  9 trolls
  7 anaconda simulacra (Snake:2)
  3 polar bears
  6 hornets (WizLab)
  Grinder (D:3)
  5 dream sheep (Lair:4)
  7 slime creatures
  12 blink frogs
  A centaur simulacrum (D:13)
  A vampire (D:12)
  5 wraiths
  Sigmund (D:2)
  2 wyverns
  3 basilisks
  61 yaks
  A steam dragon (D:6)
  7 vampire mosquitoes
  An acid dragon (D:10)
  58 nagas
  9 water moccasins
  7 wargs
  26 orc warriors
  Pargi (Sewer)
  6 black bears
  2 ice beasts
  13 ogres
  8 wolves
  9 centaurs
  3 kobold brigands
  15 bullfrogs
  A scorpion (D:5)
  A necrophage (D:8)
  11 wights
  3 howler monkeys (D:9)
  A crimson imp (D:6)
  A gnoll shaman (D:6)
  3 hounds
  4 jellies
  25 orc priests
  An iguana (D:6)
  35 orc wizards
  4 hell rats
  Terence (D:2)
  Robin (D:2)
  8 gnolls
  8 adders
  A shadow imp (D:6)
  2 white imps
  An ufetubus (D:2)
  3 dart slugs
  106 orcs
  7 endoplasms
  2 giant cockroaches
  13 goblins
  7 hobgoblins
  5 quokkas
  3 bats
  3 frilled lizards
  22 kobolds
  9 rats
  2 bushes (D:5)
936 creatures vanquished.

Vanquished Creatures (others)
  2 wizards (D:11)
  A naga (Snake:3)
  3 bushes
  18 fungi
  48 plants
  5 toadstools (D:3)
77 creatures vanquished.

Grand Total: 1013 creatures vanquished

Notes
Turn   | Place    | Note
-------+----------+-------------------------------------------
     0 | D:1      | Agony the Minotaur Fighter began the quest for the Orb.
     0 | D:1      | Reached XP level 1. HP: 19/19 MP: 0/0
   291 | D:1      | Reached XP level 2. HP: 25/27 MP: 1/1
  1102 | D:2      | Noticed Sigmund
  1305 | D:2      | Found an iron altar of Okawaru.
  1322 | D:2      | Became a worshipper of Warmaster Okawaru
  1374 | D:2      | Reached XP level 3. HP: 30/33 MP: 2/2
  1465 | D:2      | Noticed Robin
  1484 | D:2      | Killed Sigmund
  1484 | D:2      | Reached * piety under Okawaru
  1485 | D:2      | Reached skill level 5 in Armour
  1485 | D:2      | Reached XP level 4. HP: 6/41 MP: 3/3
  1485 | D:2      | Reached XP level 5. HP: 8/47 MP: 4/4
  1950 | D:2      | Noticed Terence
  1960 | D:2      | Killed Terence
  2100 | D:2      | Killed Robin
  2128 | D:2      | Reached skill level 1 in Dodging
  2414 | D:2      | Found a faded altar of an unknown god.
  2733 | D:3      | Noticed a centaur
  2895 | D:3      | Killed a centaur
  2896 | D:3      | Reached skill level 5 in Long Blades
  2896 | D:3      | Reached XP level 6. HP: 45/55 MP: 5/5
  2936 | D:3      | Noticed Grinder
  2972 | D:3      | Paralysed by Grinder for 2 turns
  3582 | D:3      | Killed Grinder
  3582 | D:3      | Reached ** piety under Okawaru
  3583 | D:3      | Reached skill level 5 in Fighting
  3583 | D:3      | Reached XP level 7. HP: 47/61 MP: 6/6
  3751 | D:3      | Found a hide-covered altar of Uskayaw.
  3926 | D:4      | Found a glowing drain.
  3943 | Sewer    | Entered a sewer
  4024 | Sewer    | Noticed Pargi
  4046 | Sewer    | Killed Pargi
  4047 | Sewer    | Reached skill level 1 in Axes
  4047 | Sewer    | Reached skill level 5 in Shields
  4387 | D:4      | Found a runed translucent door.
  4392 | D:4      | Noticed Viceroy's ghost (amateur MfGl)
  4484 | D:4      | Found a shadowy altar of Dithmenos.
  4630 | D:4      | Found a runed translucent door.
  4805 | D:5      | Entered Level 5 of the Dungeon
  5807 | D:5      | Reached *** piety under Okawaru
  5808 | D:5      | Reached XP level 8. HP: 57/69 MP: 2/7
  6350 | D:6      | Found a burning altar of Makhleb.
  6598 | D:6      | Found a staircase to the Ecumenical Temple.
  6686 | D:6      | Reached skill level 5 in Axes
  7096 | D:6      | Found the +8 trident of the Octopus King {venom, rElec
                  | rPois}
  7447 | D:7      | Killed an unseen horror
  7447 | D:7      | Reached **** piety under Okawaru
  7655 | D:7      | Reached XP level 9. HP: 77/78 MP: 8/8
  7686 | D:7      | Reached skill level 1 in Polearms
  8121 | D:7      | Noticed a troll
  8141 | D:7      | Killed a troll
  8142 | D:7      | Reached skill level 2 in Polearms
  8142 | D:7      | Reached skill level 1 in Throwing
  8717 | D:7      | Found the +18 Lear's hauberk
  8983 | D:8      | Reached skill level 3 in Polearms
  9056 | D:8      | Noticed a two-headed ogre
  9061 | D:8      | Killed a two-headed ogre
  9061 | D:8      | Reached ***** piety under Okawaru
  9062 | D:8      | Reached skill level 5 in Polearms
  9062 | D:8      | Reached skill level 10 in Armour
  9062 | D:8      | Found a shimmering altar of Xom.
  9366 | D:8      | Received a gift from Okawaru
  9677 | D:8      | Reached XP level 10. HP: 88/88 MP: 9/9
  9796 | D:8      | Reached skill level 6 in Polearms
  9960 | D:8      | Reached skill level 7 in Polearms
  9980 | D:8      | Found an iron altar of Okawaru.
  9980 | D:8      | Found a bloodstained altar of Trog.
 11011 | D:9      | Reached skill level 8 in Polearms
 11024 | D:9      | Found a stormy altar of Qazlal.
 11070 | D:9      | Found a hazy altar of Hepliaklqana.
 11070 | D:9      | Found a sparkling altar of Nemelex Xobeh.
 11194 | D:10     | Entered Level 10 of the Dungeon
 11761 | D:10     | Found a staircase to the Orcish Mines.
 11947 | D:10     | Reached skill level 9 in Polearms
 12017 | D:10     | Found a glowing golden altar of the Shining One.
 12095 | D:10     | Found Mukhoo's Distillery.
 12101 | D:10     | Bought a potion of brilliance for 68 gold pieces
 12101 | D:10     | Bought a potion of berserk rage for 85 gold pieces
 12101 | D:10     | Bought a potion of might for 68 gold pieces
 12101 | D:10     | Bought a potion of berserk rage for 85 gold pieces
 12101 | D:10     | Bought a potion of haste for 170 gold pieces
 12142 | D:10     | You are sucked into a shaft and drop 2 floors!
 12142 | D:12     | Noticed a manticore
 12344 | D:13     | Noticed a centaur warrior
 12354 | D:13     | Killed a centaur warrior
 12355 | D:13     | Reached skill level 10 in Polearms
 12496 | D:13     | Identified the +0 robe "Xaopn" {rElec Int+8 Dex-4} (Okawaru
                  | gifted it to you on level 13 of the Dungeon)
 12496 | D:13     | Received a gift from Okawaru
 12513 | D:13     | Reached XP level 11. HP: 97/97 MP: 10/10
 12684 | D:13     | Noticed an eight-headed hydra
 12698 | D:13     | Killed an eight-headed hydra
 12804 | D:13     | Noticed a skeletal warrior
 12804 | D:13     | Noticed a skeletal warrior
 12804 | D:13     | Noticed a skeletal warrior
 12842 | D:13     | Killed a skeletal warrior
 12843 | D:13     | Reached skill level 11 in Polearms
 12854 | D:13     | Killed a skeletal warrior
 12868 | D:13     | Killed a skeletal warrior
 13425 | D:13     | Noticed a skeletal warrior
 13425 | D:13     | Noticed a skeletal warrior
 13473 | D:13     | Killed a skeletal warrior
 13479 | D:13     | Killed a skeletal warrior
 13480 | D:13     | Reached skill level 12 in Polearms
 13701 | D:13     | Noticed a skeletal warrior
 13731 | D:13     | Killed a skeletal warrior
 13732 | D:13     | Reached skill level 10 in Fighting
 14228 | D:13     | Noticed a skeletal warrior
 14229 | D:13     | Noticed a skeletal warrior
 14251 | D:13     | Killed a skeletal warrior
 14251 | D:13     | Reached ****** piety under Okawaru
 14256 | D:13     | Killed a skeletal warrior
 14689 | D:12     | Received a gift from Okawaru
 14849 | D:12     | Reached XP level 12. HP: 107/107 MP: 11/11
 14903 | D:12     | Identified the +1 leather armour of Supple Strength {rF-
                  | rN+ Regen+}
 15014 | D:12     | Reached skill level 13 in Polearms
 15692 | D:11     | Found Cimn's General Store.
 15695 | D:11     | Bought a potion of haste for 150 gold pieces
 15695 | D:11     | Bought a scroll of identify for 30 gold pieces
 15777 | D:11     | Noticed Joseph
 15805 | D:11     | Killed Joseph
 15869 | D:11     | Noticed a boulder beetle
 15887 | D:11     | Killed a boulder beetle
 15978 | D:11     | Noticed Urug
 15990 | D:11     | Killed Urug
 16096 | D:11     | Noticed Josephine
 16110 | D:11     | Killed Josephine
 16117 | D:11     | Reached skill level 14 in Polearms
 16140 | D:11     | Received a gift from Okawaru
 16146 | D:11     | Found a staircase to the Lair.
 16420 | D:11     | Reached skill level 10 in Shields
 16734 | D:11     | Noticed a tengu warrior
 16745 | D:11     | Killed a tengu warrior
 17047 | Lair:1   | Entered Level 1 of the Lair of Beasts
 17274 | Lair:1   | You are sucked into a shaft and drop 1 floor!
 17329 | Lair:1   | Found a dark tunnel.
 17952 | Lair:2   | Reached skill level 1 in Invocations
 17993 | Lair:2   | Found a frozen archway.
 18004 | Lair:2   | Received a gift from Okawaru
 18005 | Lair:2   | Reached skill level 15 in Polearms
 18036 | Lair:2   | Noticed a death yak
 18078 | Lair:2   | Killed a death yak
 18078 | Lair:2   | Noticed a death yak
 18079 | Lair:2   | Reached XP level 13. HP: 78/116 MP: 10/12
 18271 | Lair:2   | Identified the +0 kite shield of Teekal {Fly Will+ Int+6
                  | Dex-5} (Okawaru gifted it to you on level 2 of the Lair of
                  | Beasts)
 18271 | Lair:2   | Received a gift from Okawaru
 18272 | Lair:2   | Reached skill level 5 in Dodging
 18801 | Lair:2   | Identified the ring "Kotaics" {Fly rF- Str+9 Dex+5 Slay-3}
 19291 | Lair:2   | Found a runed translucent door.
 19291 | Lair:2   | Found a shimmering altar of Xom.
 19291 | Lair:2   | Noticed Lahyump's ghost (journeyman DjCj)
 19429 | Lair:3   | Found a staircase to the Swamp.
 19736 | Lair:3   | Noticed Sonja
 19745 | Lair:3   | Killed Sonja
 20036 | Lair:3   | Found a staircase to the Snake Pit.
 21318 | Lair:4   | Got Kayt Hew's Disquisition on Dusty Necromancy
 21513 | Lair:4   | Received a gift from Okawaru
 21700 | Lair:4   | Found a radiant altar of Vehumet.
 22096 | Lair:5   | Reached skill level 16 in Polearms
 22108 | Lair:5   | Identified the +7 chain mail of Autumn {rElec rF+++ Will-
                  | Dex-2} (Okawaru gifted it to you on level 5 of the Lair of
                  | Beasts)
 22108 | Lair:5   | Received a gift from Okawaru
 22464 | Lair:5   | Found a snail-covered altar of Cheibriados.
 22605 | Lair:5   | Reached XP level 14. HP: 129/129 MP: 14/14
 22834 | Lair:6   | Entered Level 6 of the Lair of Beasts
 23298 | Lair:6   | Found a staircase to the Slime Pits.
 24632 | Lair:6   | Received a gift from Okawaru
 24646 | Lair:6   | Reached skill level 15 in Armour
 26176 | Snake:1  | Entered Level 1 of the Snake Pit
 26693 | Snake:1  | Found the +7 great mace "Firestarter" {inner flame, rF++}
 26895 | Snake:1  | Noticed Aizul
 26919 | Snake:1  | Killed Aizul
 26920 | Snake:1  | Reached skill level 17 in Polearms
 27067 | Snake:1  | Found Xowkenuo's Antique Armour Shoppe.
 27110 | Snake:1  | Found Lilyil's Assorted Antiques.
 27120 | Snake:1  | Bought 2 scrolls of identify for 120 gold pieces
 27155 | Snake:1  | Identified the +0 pair of boots of the Wheelwright {Harm}
                  | (Okawaru gifted it to you on level 1 of the Snake Pit)
 27155 | Snake:1  | Received a gift from Okawaru
 27333 | Snake:1  | Reached XP level 15. HP: 72/139 MP: 15/15
 28059 | Snake:1  | Reached skill level 15 in Fighting
 28929 | Snake:2  | Found Bijureq's Weapon Shop.
 28940 | Snake:2  | Noticed a nagaraja
 28960 | Snake:2  | Killed a nagaraja
 29430 | Snake:2  | Found Fierir's Distillery.
 29449 | Snake:2  | Bought a potion of might for 64 gold pieces
 29751 | Snake:2  | Found Mesaez's Assorted Antiques.
 30023 | Snake:2  | Found Deipteji's Distillery.
 30030 | Snake:2  | Bought 2 potions of curing for 66 gold pieces
 30120 | Snake:2  | Received a gift from Okawaru
 30306 | Snake:2  | Reached skill level 15 in Shields
 30534 | Snake:2  | Identified the +11 rapier of Circularity {vorpal, Contam
                  | rF+ SInv}
 30848 | Snake:2  | Found Naudgh's Assorted Antiques.
 31318 | Snake:2  | Found Ogacsoh's Book Shop.
 31318 | Snake:2  | Found Nulevuup's Jewellery Shoppe.
 31319 | Snake:2  | Found Fumaorph's Book Shop.
 31328 | Snake:2  | Bought a ring of see invisible for 210 gold pieces
 31328 | Snake:2  | Bought a ring of resist corrosion for 280 gold pieces
 31328 | Snake:2  | Bought a ring of fire for 350 gold pieces
 31712 | Snake:2  | Reached skill level 18 in Polearms
 33108 | Snake:3  | Reached XP level 16. HP: 149/151 MP: 16/16
 34234 | Snake:3  | Found Puaq's Weapon Emporium.
 34425 | Snake:3  | Identified the +0 hat of Okawaru's Whim {Stlth+} (Okawaru
                  | gifted it to you on level 3 of the Snake Pit)
 34425 | Snake:3  | Received a gift from Okawaru
 35567 | Snake:4  | Entered Level 4 of the Snake Pit
 35616 | Snake:4  | Reached skill level 1 in Maces & Flails
 37191 | Snake:4  | Reached skill level 5 in Invocations
 37706 | Snake:4  | Noticed Louise
 37771 | Snake:4  | Killed Louise
 37771 | Snake:4  | Received a gift from Okawaru
 39422 | Snake:4  | Received a gift from Okawaru
 39423 | Snake:4  | Reached XP level 17. HP: 144/160 MP: 20/20
 40182 | Snake:4  | Received a gift from Okawaru
 40605 | Snake:4  | Got a serpentine rune of Zot
 41303 | Orc:1    | Entered Level 1 of the Orcish Mines
 41646 | Orc:1    | Received a gift from Okawaru
 42443 | Orc:1    | Noticed Harold
 42459 | Orc:1    | Killed Harold
 42646 | Orc:2    | Entered Level 2 of the Orcish Mines
 42646 | Orc:2    | Noticed Saint Roka
 43522 | Orc:2    | Killed Saint Roka
 44063 | Orc:2    | Found a staircase to the Elven Halls.
 44318 | Orc:2    | Found Oklaolo's Magic Scroll Shoppe.
 44367 | Orc:2    | Noticed Erolcha
 44376 | Orc:2    | Found a radiant altar of Vehumet.
 44379 | Orc:2    | Killed Erolcha
 44381 | Orc:2    | Found Ithreen's Antique Weapon Shoppe.
 44412 | Orc:2    | Found an ancient bone altar of Kikubaaqudgha.
 44465 | Orc:2    | Found Ylaisox's Book Emporium.
 44470 | Orc:2    | Found Muoh Ridgh's Antique Armour Emporium.
 44557 | Orc:2    | Bought a scroll of acquirement for 884 gold pieces
 44557 | Orc:2    | Bought a scroll of enchant armour for 127 gold pieces
 44557 | Orc:2    | Acquired the +3 shadow dragon scales of Bitterness {Contam
                  | rElec rC+ rCorr Stlth++++}
 44860 | Elf:1    | Entered Level 1 of the Elven Halls
 44890 | Elf:1    | Received a gift from Okawaru
 44947 | Elf:1    | Found a magical portal.
 45079 | WizLab   | Entered Eringya's Formal Garden
 45286 | WizLab   | Paralysed by a hornet for 2 turns
 45956 | WizLab   | Noticed a deep elf master archer
 46376 | WizLab   | Reached skill level 5 in Maces & Flails
 46463 | Arena    | Entered the Arena
 46469 | Arena    | Killed a deep elf master archer
 46469 | Arena    | Received a gift from Okawaru
 46470 | Arena    | Reached skill level 19 in Polearms
 46839 | WizLab   | Identified the +12 quarterstaff "Agemmyon" {spect, SInv}
 46863 | WizLab   | Noticed a deep elf master archer
 46879 | WizLab   | Killed a deep elf master archer
 47129 | WizLab   | Noticed a deep elf master archer
 47153 | WizLab   | Shot with an arrow by a deep elf master archer

Illustrated notes

Levels and vault maps discovered:
D:1:      scummos_arrival_checkerplants, layout_loops_corners,
          minmay_misc_feat_ornament, nrook_mini_backslash
D:2:      layout_basic, basic_altar, hellmonk_ecumenical_altar_crossroads,
          uniq_terence, uniq_sigmund, uniq_robin
D:3:      layout_rooms, nicolae_uskayaw_dance_hall, minmay_gold_behind_fungi,
          uniq_grinder
D:4:      layout_rooms, kennysheep_little_box, ebering_ghost_sewer_f,
          cheibrodos_sewer_entry_drain
D:5:      layout_basic, lexackson_kobold_supper
D:6:      layout_gridville, makhleb_grotto_becter, minmay_temple_entry_crystal_x
D:7:      layout_basic, hellmonk_guarded_unrand_lears
D:8:      layout_loops_corners, xom_teletrap_fun,
          grunt_temple_overflow_bloody_war, minivault_27,
          kennysheep_generic_room_8
D:9:      layout_basic, nicolae_qazlal_general_emergency,
          gammafunk_temple_overflow_statue, chequers_serial_rivers_large_b
D:10:     cheibrodos_iron_armory, layout_irregular_city,
          nicolae_overflow_crystal_walls, david_orc_4, serial_shops,
          nicolae_square_shop
D:11:     layout_long_grid, david_lair_shrubbed, serial_shops,
          kennysheep_mini_moat, minmay_misc_feat_more_columns, sword_in_stone,
          uniq_urug, uniq_josephine
D:12:     layout_basic
D:13:     layout_stronghold
Lair:1:   layout_cellular_growth, nicolae_volcano_entry_hallway,
          serial_bayou_shore_a
Lair:2:   layout_regular_city, ebering_ghost_xom, portal_ice_cave_rime
Lair:3:   layout_hall_layers, swamp_mist, guppyfry_snake_entry_garden,
          uniq_sonja
Lair:4:   layout_roguey, lemuel_centaur_altar
Lair:5:   layout_roguey, st_stairs_4, kennysheep_snail_temple
Lair:6:   evilmike_catoblepas_cave, layout_cave_shapes,
          minmay_slime_entry_pillars, lemuel_fruit_tree,
          infiniplex_staircase_pool_2
Snake:1:  layout_onion_interference, grunt_ministairs_3, minmay_shop_star,
          uniq_aizul
Snake:2:  layout_chambers, serial_shops, nicolae_shop_statue_plus,
          nicolae_shop_hallway_stairs, nicolae_square_shop, shop_statue, shop,
          st_stairs_5, nicolae_snake_dead_anacondas, minmay_shop_grove
Snake:3:  layout_misc_corridors, serial_shops, shop
Snake:4:  snake_pit_salamanders_mu, layout_cave_town, grunt_ministairs_2,
          uniq_louise
Orc:1:    emtedronai_trogs_sanctum, layout_diamond_mine, minmay_orc_temple_c,
          uniq_harold
Orc:2:    kennysheep_orc_mage_school, layout_caves, uniq_saint_roka
Elf:1:    eino_elf_arrival_customs, layout_gridlike,
          lightli_enter_wizlab_magi_temple, kennysheep_underground_church,
          roderic_lattice_octagonal_star
WizLab:   wizlab_eringya

Skill      XL: |  1  2  3  4  5  6  7  8  9 10 11 12 13 14 15 16 17 |
---------------+----------------------------------------------------+-----
Fighting       | 4 5 6 8 9 10 11 13 14 16 17 | 17.1
Armour         | 4 5 6 7 8 10 11 12 13 14 15 16 17 18 | 18.0
Shields        | 4 5 6 7 9 10 12 13 15 16 17 | 17.3
Long Blades    | 3 4 5 6 7 |  7.9
Dodging        | 1 2 3 4 5 6 7 8 9 |  9.2
Axes           | 3 5 6 8 |  8.0
Polearms       | 5 10 12 15 16 17 18 19 | 19.0
Throwing       | 1 3 4 |  4.6
Invocations    | 1 2 5 7 |  7.6
Maces & Flails | 3 5 |  5.1
Stealth        | |  0.6

Action                   |  1- 3 |  4- 6 |  7- 9 | 10-12 | 13-15 | 16-18 || total
-------------------------+-------+-------+-------+-------+-------+-------++-------
Melee: Long sword        |    62 |    72 |    10 |       |       |       ||   144
       Headbutt          |    10 |    12 |   103 |   126 |   375 |   316 ||   942
       Hand axe          |       |       |   350 |       |       |       ||   350
       Trident           |       |       |    86 |   660 |  1520 |  1481 ||  3747
Throw: Throwing net      |       |       |     1 |       |       |       ||     1
       Javelin           |       |       |       |       |     3 |       ||     3
Invok: Heroism           |       |       |       |     6 |     7 |    24 ||    37
       Finesse           |       |       |       |       |       |     5 ||     5
       Duel              |       |       |       |       |       |     1 ||     1
  Use: Scroll            |     3 |       |     9 |     9 |     5 |     4 ||    30
       Potion            |     1 |     2 |     3 |     5 |     6 |     3 ||    20
 Stab: Fleeing           |     1 |       |       |       |       |       ||     1
Armor: Scale mail        |    31 |    46 |   114 |       |       |       ||   191
       Chain mail        |       |       |    14 |   223 |   590 |   479 ||  1306
Dodge: Dodged            |    40 |    43 |   144 |   152 |   440 |   466 ||  1285
Block: Buckler           |    10 |    33 |    84 |   107 |       |       ||   234
       Kite shield       |       |       |       |    67 |   757 |   180 ||  1004
       Tower shield      |       |       |       |       |       |  1072 ||  1072

Table legend: (Time is in decaauts)
 A = Elapsed time spent in this place.
 B = Non-inter-level travel time spent in this place.
 C = Inter-level travel time spent in this place.
 D = Time resting spent in this place.
 E = Time spent auto-exploring this place.
 F = Levels seen in this place.
 G = Mean time per level.
                   A        B        C        D        E       F      G
               +--------+--------+--------+--------+--------+-----+--------+
         Total |  46320 |  44225 |   2095 |  16856 |  15209 |  29 | 1597.2 |
       Dungeon |  16861 |  16061 |    800 |   3874 |   6627 |  13 | 1297.0 |
          Lair |   9080 |   8445 |    635 |   2576 |   3992 |   6 | 1513.3 |
     Snake Pit |  14411 |  13833 |    578 |   7723 |   3221 |   4 | 3602.8 |
  Orcish Mines |   3453 |   3371 |     82 |   1161 |   1280 |   2 | 1726.5 |
   Elven Halls |    204 |    204 |      0 |      8 |      0 |   1 |  204.0 |
         Sewer |    285 |    285 |      0 |     86 |      0 |   1 |  285.0 |
        Wizlab |   2002 |   2002 |      0 |   1413 |     89 |   1 | 2002.0 |
         Arena |     20 |     20 |      0 |     13 |      0 |   1 |   20.0 |
               +--------+--------+--------+--------+--------+-----+--------+

Top non-repeatable levels by time:
 Snake:4: 4949 daAuts
 Snake:2: 4165 daAuts
 Snake:3: 2758 daAuts
  Lair:6: 2664 daAuts
 Snake:1: 2538 daAuts
    D:13: 2368 daAuts
   Orc:1: 2108 daAuts
  WizLab: 2002 daAuts
     D:2: 1788 daAuts
  Lair:2: 1677 daAuts
     D:7: 1607 daAuts
  Lair:3: 1557 daAuts
     D:8: 1434 daAuts
     D:1: 1419 daAuts
    D:11: 1418 daAuts
